 Dungeon Crawl Stone Soup version 0.21.1-1-g345015f (webtiles) character file.

98590 empire the Warrior (level 15, -3/214 HPs)
             Began as a Minotaur Fighter on June 8, 2018.
             Was a High Priest of Cheibriados.
             Killed from afar by a starcursed mass (6 damage)
             ... with an accursed screaming
             ... on level 2 of the Abyss.
             The game lasted 01:10:37 (23623 turns).

empire the Warrior (Minotaur Fighter)              Turns: 23623, Time: 01:10:38

Health: -3/214     AC: 27    Str: 53    XL:     15   Next: 75%
Magic:  0/10       EV:  2    Int: 28    God:    Cheibriados [*****.]
Gold:   159        SH: 19    Dex: 31    Spells: 11/14 levels left

rFire    + . .     SeeInvis .   a - +10 scimitar "Siddicw" {antimagic, rN+ MP+9 Dex+2 Stlth+}
rCold    . . .     Gourm    .   t - +2 shield
rNeg     + + +     Faith    .   (armour currently unavailable)
rPois    +         Spirit   .   (helmet currently unavailable)
rElec    .         Reflect  .   (cloak currently unavailable)
rCorr    .         Harm     .   (gloves currently unavailable)
MR       +....     NoTele   +   (boots currently unavailable)
Stlth    ++++......             d - amulet of regeneration
HPRegen  0.85/turn              U - ring "Nime" {rF+ Str+5}
MPRegen  0.12/turn              L - ring of Res Nullius {Str+4 Int+7}

@: mighty, agile, tree-form, very slightly contaminated, invisible, very slow
A: (retaliatory headbutt), MP-powered wands
a: Bend Time, Temporal Distortion, Slouch, Step From Time, Renounce Religion


You were on level 2 of the Abyss.
You worshipped Cheibriados.
Cheibriados was extremely pleased with you.
You were hungry.
You were a tree.
You visited 4 branches of the dungeon, and saw 23 of its levels.
You visited the Abyss 3 times.
You also visited: Ice Cave.

You collected 2015 gold pieces.
You spent 1856 gold pieces at shops.

Inventory:

Hand Weapons
 a - the +10 scimitar "Siddicw" (weapon) {antimagic, rN+ MP+9 Dex+2 Stlth+}
   (You found it on level 4 of the Lair of Beasts)

   It reduces the magical energy of the wielder, and disrupts the spells and
   magical abilities of those hit.
   Natural abilities and divine invocations are not affected.
   It affects your dexterity (+2).
   It protects you from negative energy.
   It affects your magic capacity (+9).
   It makes you more stealthy.
 b - a +5 scimitar of flaming
 i - a +1 antimagic demon blade
 l - a +1 demon trident of electrocution
 X - the +5 scimitar "Haummeh" {drain, rF- rN+++ Str+7}
   (You found it on level 6 of the Lair of Beasts)

   A truly terrible weapon, it drains the life of those it strikes.
   It affects your strength (+7).
   It makes you vulnerable to fire.
   It renders you almost immune to negative energy.
Missiles
 v - 7 poisoned tomahawks (quivered)
Armour
 h - a +2 pair of gloves (melded)
 t - a +2 shield (worn)
 C - a +1 cloak (melded)
 J - a +1 pair of boots (melded)
 O - a +2 plate armour of cold resistance (melded)
Jewellery
 d - an amulet of regeneration (around neck)
 L - the ring of Res Nullius (right branch) {Str+4 Int+7}
   (You found it on level 10 of the Dungeon)

   [ring of strength]

   It affects your strength (+4).
   It affects your intelligence (+7).
 U - the ring "Nime" (left branch) {rF+ Str+5}
   (You found it on level 12 of the Dungeon)

   [ring of strength]

   It affects your strength (+5).
   It protects you from fire.
Wands
 w - a wand of paralysis (14)
 y - a wand of clouds (7)
 G - a wand of digging (36)
 K - a wand of acid (12)
 N - a wand of polymorph (13)
 S - a wand of flame (53)
 T - a wand of iceblast (38)
Scrolls
 c - 2 scrolls of teleportation
 j - 3 scrolls of fog
 m - 2 scrolls of noise
 o - 4 scrolls of magic mapping
 r - a scroll of fear
 s - a scroll of amnesia
 x - 2 scrolls of blinking
 A - 6 scrolls of immolation
 B - 11 scrolls of remove curse
Potions
 e - a potion of might
 k - 11 potions of curing
 u - a potion of resistance
 z - 12 potions of flight
 D - 4 potions of ambrosia
 I - 3 potions of mutation
 Y - 2 potions of cancellation
Miscellaneous
 R - a phantom mirror
 V - a phial of floods
Comestibles
 f - 44 rations
 q - 18 chunks of flesh


   Skills:
 - Level 15.7 Fighting
 - Level 14.1 Long Blades
 - Level 11.2 Armour
 - Level 11.5 Dodging
 - Level 9.0 Shields
 + Level 11.6 Invocations
 + Level 10.8 Evocations


You had 11 spell levels left.
You knew the following spells:

 Your Spells              Type           Power        Failure   Level  Hunger
a - Ozocubu's Armour      Chrm/Ice       #.......     56%         3    ####...


Dungeon Overview and Level Annotations

Branches:
Dungeon (14/15)            Temple (1/1) D:4            Lair (6/6) D:8
 Shoals (0/4) Lair:3        Snake (0/4) Lair:4        Slime (0/5) Lair:5
    Orc (2/2) D:11            Elf (0/3) Orc:2        Vaults (0/5) D:14

Altars:
Ashenzari
Cheibriados
Dithmenos
Elyvilon
Fedhas
Gozag
Hepliaklqana
Kikubaaqudgha
Makhleb
Nemelex Xobeh
Okawaru
Qazlal
Ru
Sif Muna
Trog
Uskayaw
Vehumet
Wu Jian
Xom
Yredelemnul
Zin
The Shining One
Beogh

Shops:
D:6 [   Orc:2 *}%(

Portals:
Pandemonium: Orc:2


Innate Abilities, Weirdness & Mutations

((You reflexively headbutt those who attack you in melee.))
((You have a pair of horns on your head.))
You expend magic power (3 MP) to strengthen your wands.


Message History

Press: ? - help, v - describe, . - travel
Here: a bone dragon (almost destroyed)
The floor, spattered with blood.
Unknown command.
You completely miss the bone dragon.
The bone dragon is almost destroyed.
The bone dragon bites you but does no damage.
The bone dragon claws you but does no damage.
You block the bone dragon's attack.
You cut the bone dragon into ribbons!!!
You destroy the bone dragon!
Cheibriados thoroughly appreciates the change of pace.
A chorus of shrieks assaults your mind.
* * * LOW HITPOINT WARNING * * *
You slash the starcursed mass!
The starcursed mass is almost destroyed.
The starcursed mass shudders and is absorbed by its neighbour.
A starcursed mass splits.
A chorus of shrieks assaults your mind.
You die...

....
.}"}
.|_$.
.$$$.#
..W.#
#xXX###
#X.#.#
#♣.#
#.$#.#
######


You could see 2 starcursed masses, a large abomination (wandering), a hungry
ghost and a small abomination.

Vanquished Creatures
  A bone dragon (Abyss:2)
  Rupert (Orc:2)
  Frances (D:13)
  A tentacled starspawn (Abyss:1)
  Louise (D:13)
  8 starcursed masses (Abyss:2)
  The ghost of Alelolelolen the Fighter, a journeyman NaBe of Trog (Lair:3)
  Josephine (D:12)
  3 hydras
  Harold (D:13)
  Erolcha (D:9)
  Fannar (Lair:2)
  An ogre mage (D:8)
  A vault guard (D:14)
  A merfolk avatar (Lair:6)
  3 centaur warriors
  Erica (D:10)
  3 two-headed ogres
  2 tengu warriors
  A thrashing horror (Abyss:1)
  A soul eater (Orc:2)
  Sonja (D:13)
  9 orc high priests (Orc:2)
  3 skeletal warriors (D:14)
  An unseen horror (D:13)
  4 wizards
  A torturous demonspawn (Orc:2)
  An infernal demonspawn (Orc:2)
  Pikel (D:7)
  2 necromancers
  6 orc knights
  2 harpies (Lair:6)
  An oklob plant (Orc:2)
  3 cyclopes
  6 orc sorcerers
  10 ugly things
  3 manticores
  2 rust devils (Orc:2)
  6 black mambas
  3 merfolk sirens (Lair:3)
  A smoke demon (Abyss:2)
  A gargoyle (D:12)
  3 ice statues (IceCv)
  17 spiny frogs
  5 rime drakes
  A kobold demonologist (D:13)
  12 ice devils
  2 ancient zymes (Abyss:2)
  7 komodo dragons
  A freezing wraith (D:14)
  2 large abominations (Abyss:2)
  2 tengu conjurers
  A merfolk (Lair:3)
  A meliai (shapeshifter) (D:13)
  2 trolls
  7 polar bears
  The ghost of chorionicmirror the Ducker, an amateur DsGl (D:4)
  3 hornets
  A hornet (shapeshifter) (D:14)
  4 slime creatures (D:13)
  2 hippogriffs
  4 raiju (Abyss:2)
  5 dream sheep (Lair:4)
  Sigmund (D:6)
  2 spriggans
  A vampire (D:12)
  2 ynoxinuls
  4 wraiths (D:12)
  5 wyverns
  3 basilisks
  19 yaks
  16 humans (D:14)
  Grum (D:11)
  A neqoxec (Orc:2)
  A hungry ghost (D:11)
  2 wargs (Orc:1)
  Edmund (D:6)
  21 water moccasins
  A sky beast (D:14)
  30 orc warriors
  5 porcupines
  An ice beast (D:12)
  2 black bears
  A hornet zombie (D:14)
  A necrophage (D:14)
  A phantom (D:10)
  A small abomination (Abyss:2)
  3 eyes of draining
  12 ogres
  15 wolves
  12 crocodiles
  14 centaurs
  2 big kobolds
  9 bullfrogs
  3 scorpions
  3 wights (D:9)
  20 killer bees
  5 howler monkeys
  7 crimson imps
  2 bullfrog zombies
  Crazy Yiuf (D:3)
  4 centaur zombies
  An iron imp (Abyss:2)
  30 orc priests
  A gnoll shaman (Orc:1)
  3 jellies
  4 bullfrog skeletons
  6 hounds
  19 orc wizards
  4 centaur skeletons
  6 iguanas
  7 worker ants
  3 troll simulacra (IceCv)
  3 centaur simulacra (IceCv)
  A hound skeleton (D:5)
  3 worker ant zombies
  2 naga simulacra (IceCv)
  2 ogre simulacra (IceCv)
  12 adders
  11 gnolls
  3 shadow imps
  2 white imps (Abyss:2)
  An adder zombie (D:7)
  2 adder skeletons
  4 worms
  2 dart slugs
  9 leopard geckos
  92 orcs
  8 giant cockroaches
  8 goblins
  6 hobgoblins
  10 jackals (D:4)
  6 quokkas
  4 ball pythons
  9 bats
  7 frilled lizards
  16 kobolds
  10 rats
  4 fungi
  20 plants
761 creatures vanquished.

Vanquished Creatures (others)
  An orc wizard (D:8)
  5 fungi
  14 plants
  2 starspawn tentacles (Abyss:1)
22 creatures vanquished.

Grand Total: 783 creatures vanquished

Notes
Turn   | Place    | Note
-------+----------+-------------------------------------------
     0 | D:1      | empire the Minotaur Fighter began the quest for the Orb.
     0 | D:1      | Reached XP level 1. HP: 19/19 MP: 0/0
   170 | D:1      | Reached XP level 2. HP: 19/27 MP: 1/1
   519 | D:1      | Reached skill level 4 in Fighting
   782 | D:2      | Reached XP level 3. HP: 33/33 MP: 2/2
  1046 | D:2      | Reached skill level 1 in Dodging
  1166 | D:2      | Reached XP level 4. HP: 40/40 MP: 3/3
  1269 | D:2      | Found an iron altar of Okawaru.
  1531 | D:3      | Found a shimmering altar of Xom.
  1534 | D:3      | Found a shimmering altar of Xom.
  1543 | D:3      | Found a shimmering altar of Xom.
  1545 | D:3      | Found a shimmering altar of Xom.
  1546 | D:3      | Noticed a bullfrog
  1554 | D:3      | Killed a bullfrog
  1554 | D:3      | Reached skill level 5 in Long Blades
  1554 | D:3      | Reached XP level 5. HP: 37/46 MP: 4/4
  1573 | D:3      | Found a shimmering altar of Xom.
  1573 | D:3      | Found a shimmering altar of Xom.
  1592 | D:3      | Found a shimmering altar of Xom.
  1929 | D:3      | Found a blossoming altar of Fedhas.
  1992 | D:3      | Found a runed door.
  2198 | D:3      | Noticed Crazy Yiuf
  2211 | D:3      | Killed Crazy Yiuf
  2550 | D:4      | Noticed chorionicmirror's ghost (amateur DsGl)
  2582 | D:4      | Killed chorionicmirror's ghost
  2582 | D:4      | Reached XP level 6. HP: 15/52 MP: 5/5
  2951 | D:4      | Reached XP level 7. HP: 26/59 MP: 6/6
  3579 | D:4      | Found a staircase to the Ecumenical Temple.
  3621 | Temple   | Entered the Ecumenical Temple
  3801 | Temple   | Became a worshipper of Cheibriados the Contemplative
  3871 | D:5      | Entered Level 5 of the Dungeon
  4543 | D:5      | Reached XP level 8. HP: 66/66 MP: 7/7
  4643 | D:6      | Reached * piety under Cheibriados
  4668 | D:6      | Reached skill level 10 in Long Blades
  4839 | D:6      | Noticed Edmund
  4858 | D:6      | Killed Edmund
  4954 | D:6      | Found Nuomep's Armour Emporium.
  4981 | D:6      | Noticed Sigmund
  4989 | D:6      | Killed Sigmund
  5092 | D:6      | Found a shadowy altar of Dithmenos.
  5105 | D:6      | Reached skill level 5 in Armour
  5105 | D:6      | Reached XP level 9. HP: 65/71 MP: 8/8
  5151 | D:6      | Found an ornate altar of the Wu Jian Council.
  5254 | D:7      | Reached ** piety under Cheibriados
  6159 | D:7      | Noticed Pikel
  6175 | D:7      | Killed Pikel
  6303 | D:8      | Found a staircase to the Lair.
  6446 | D:8      | Noticed a two-headed ogre
  6452 | D:8      | Killed a two-headed ogre
  6476 | D:8      | Reached *** piety under Cheibriados
  6578 | D:8      | Reached XP level 10. HP: 61/78 MP: 9/9
  6587 | D:8      | Reached skill level 5 in Dodging
  6588 | D:8      | Noticed a cyclops
  6592 | D:8      | Noticed an ogre mage
  6609 | D:8      | Paralysed by an ogre mage for 2 turns
  6616 | D:8      | Killed a cyclops
  6618 | D:8      | Killed an ogre mage
  7309 | D:9      | Got a sheer robe
  7730 | D:9      | Reached **** piety under Cheibriados
  8194 | D:9      | Noticed Erolcha
  8196 | D:9      | Cast into level 1 of the Abyss (Erolcha)
  8213 | Abyss:1  | Noticed a thrashing horror
  8219 | Abyss:1  | Killed a thrashing horror
  8232 | Abyss:1  | Noticed a tentacled starspawn
  8239 | Abyss:1  | Killed a tentacled starspawn
  8239 | Abyss:1  | Reached skill level 10 in Armour
  8239 | Abyss:1  | Reached XP level 11. HP: 69/84 MP: 10/10
  8243 | D:9      | Escaped the Abyss
  8251 | D:9      | Killed Erolcha
  8251 | D:9      | Reached skill level 10 in Dodging
  8590 | D:9      | You fall through a shaft for 3 floors!
  8594 | D:12     | Noticed Josephine
  8613 | D:12     | Killed Josephine
  8911 | D:11     | Noticed Grum
  8917 | D:11     | Reached ***** piety under Cheibriados
  8926 | D:11     | Killed Grum
  9116 | D:10     | Entered Level 10 of the Dungeon
  9241 | D:10     | Reached skill level 5 in Fighting
  9288 | D:10     | Noticed Erica
  9300 | D:10     | Killed Erica
  9300 | D:10     | Reached skill level 6 in Fighting
  9301 | D:10     | Found a sparkling altar of Nemelex Xobeh.
  9653 | D:10     | Noticed a two-headed ogre
  9658 | D:10     | Killed a two-headed ogre
  9658 | D:10     | Reached skill level 7 in Fighting
  9818 | D:10     | Got a smoking ring mail
  9852 | D:10     | Got a brightly glowing brass ring
  9854 | D:10     | Identified the +4 ring mail of Existentialism {rN+ Regen+ Str+3 Dex-4} (You found it on level 10 of the Dungeon)
  9855 | D:10     | Identified the ring of Res Nullius {Str+4 Int+7} (You found it on level 10 of the Dungeon)
  9978 | D:11     | Reached skill level 8 in Fighting
 10128 | D:11     | Noticed a cyan ugly thing
 10134 | D:11     | Killed a cyan ugly thing
 10134 | D:11     | Reached XP level 12. HP: 103/103 MP: 11/11
 10240 | D:11     | Reached skill level 9 in Fighting
 10483 | D:11     | Found a staircase to the Orcish Mines.
 10881 | D:12     | Reached skill level 10 in Fighting
 10995 | D:12     | Got a warped wooden ring
 10996 | D:12     | Identified the ring "Nime" {rF+ Str+5} (You found it on level 12 of the Dungeon)
 11074 | D:12     | Reached ****** piety under Cheibriados
 11308 | D:13     | Found Opruorog's Distillery.
 11318 | D:13     | Bought a potion of berserk rage for 65 gold pieces
 11318 | D:13     | Bought 2 potions of cancellation for 208 gold pieces
 11318 | D:13     | Bought a potion of brilliance for 52 gold pieces
 11318 | D:13     | Bought a potion of magic for 104 gold pieces
 11318 | D:13     | Bought a potion of curing for 39 gold pieces
 11318 | D:13     | Bought a potion of heal wounds for 65 gold pieces
 11318 | D:13     | Bought a potion of curing for 39 gold pieces
 11318 | D:13     | Bought a potion of flight for 39 gold pieces
 11351 | D:13     | Found a snail-covered altar of Cheibriados.
 11407 | D:13     | Reached skill level 11 in Fighting
 11447 | D:13     | Noticed a tengu warrior
 11450 | D:13     | Killed a tengu warrior
 12038 | D:13     | Reached skill level 12 in Fighting
 12063 | D:13     | Noticed Frances
 12191 | D:13     | Noticed a centaur warrior
 12198 | D:13     | Killed a centaur warrior
 12215 | D:13     | Noticed Sonja
 12216 | D:13     | Killed Sonja
 12314 | D:13     | Noticed a two-headed ogre
 12317 | D:13     | Killed a two-headed ogre
 12320 | D:13     | Noticed a four-headed hydra
 12324 | D:13     | Killed a two-headed hydra
 12324 | D:13     | Reached skill level 13 in Fighting
 12553 | D:13     | Noticed a six-headed hydra
 12556 | D:13     | Killed a four-headed hydra
 12741 | D:13     | Noticed Harold
 12749 | D:13     | Reached skill level 14 in Fighting
 12757 | D:13     | Killed Harold
 12759 | D:13     | Noticed Louise
 12773 | D:13     | Reached XP level 13. HP: 69/125 MP: 12/12
 12778 | D:13     | Cast into level 2 of the Abyss (Louise)
 12887 | Abyss:2  | Noticed a quicksilver dragon
 12917 | D:13     | Escaped the Abyss
 12923 | D:13     | Killed Louise
 12923 | D:13     | Reached skill level 15 in Fighting
 13072 | D:13     | Killed Frances
 13303 | D:14     | Reached skill level 1 in Invocations
 13303 | D:14     | Reached skill level 1 in Evocations
 13314 | D:14     | Reached skill level 5 in Shields
 13976 | Lair:1   | Entered Level 1 of the Lair of Beasts
 15560 | Lair:2   | Noticed Fannar
 15570 | Lair:2   | Killed Fannar
 15794 | Lair:3   | Found a staircase to the Shoals.
 15802 | Lair:3   | Noticed Alelolelolen's ghost (journeyman NaBe)
 15809 | Lair:3   | Killed Alelolelolen's ghost
 15945 | Lair:3   | Reached skill level 5 in Invocations
 16227 | Lair:4   | Got a jasper-studded scale mail
 16233 | Lair:4   | Reached XP level 14. HP: 136/136 MP: 16/16
 16267 | Lair:4   | Identified the +4 scale mail of Surprise {Str+2} (You found it on level 4 of the Lair of Beasts)
 16269 | Lair:4   | Got a dazzling scimitar
 16279 | Lair:4   | Found a frozen archway.
 16338 | IceCv    | Entered an ice cave
 16363 | IceCv    | Reached skill level 5 in Evocations
 16817 | Lair:4   | Identified the +10 scimitar "Siddicw" {antimagic, rN+ MP+9 Dex+2 Stlth+} (You found it on level 4 of the Lair of Beasts)
 17452 | Lair:4   | Found a staircase to the Snake Pit.
 18054 | Lair:5   | Found a staircase to the Slime Pits.
 18976 | Lair:6   | Entered Level 6 of the Lair of Beasts
 19535 | Lair:6   | Got a steaming scimitar
 19538 | Lair:6   | Identified the +5 scimitar "Haummeh" {drain, rF- rN+++ Str+7} (You found it on level 6 of the Lair of Beasts)
 20204 | Temple   | Learned a level 3 spell: Ozocubu's Armour
 20631 | Orc:1    | Entered Level 1 of the Orcish Mines
 20781 | Orc:2    | Entered Level 2 of the Orcish Mines
 20846 | Orc:2    | Noticed Rupert
 20849 | Orc:2    | Killed Rupert
 21086 | Orc:2    | Found Xurr's Food Shop.
 21089 | Orc:2    | Found Komaz's General Store.
 21100 | Orc:2    | Reached XP level 15. HP: 120/143 MP: 4/21
 21188 | Orc:2    | Bought a wand of acid (12) for 448 gold pieces
 21188 | Orc:2    | Bought a scroll of remove curse for 42 gold pieces
 21188 | Orc:2    | Bought a scroll of immolation for 49 gold pieces
 21188 | Orc:2    | Bought a potion of curing for 42 gold pieces
 21188 | Orc:2    | Bought a potion of curing for 42 gold pieces
 21188 | Orc:2    | Bought a potion of ambrosia for 112 gold pieces
 21277 | Orc:2    | Gained mutation: You expend magic power (3 MP) to strengthen your wands. [a neqoxec]
 21310 | Orc:2    | Reached skill level 10 in Invocations
 21654 | Orc:1    | Found a roughly hewn altar of Beogh.
 22393 | Orc:2    | Found a staircase to the Elven Halls.
 22399 | Orc:2    | Found a roughly hewn altar of Beogh.
 22604 | Orc:2    | Found Ajulaen's Antique Weapon Shoppe.
 22604 | Orc:2    | Found Zicosh's Gadget Emporium.
 22604 | Orc:2    | Found a one-way gate leading to the halls of Pandemonium.
 22644 | Orc:2    | Bought a wand of digging (13) for 510 gold pieces
 23373 | D:14     | Reached skill level 10 in Evocations
 23570 | D:14     | Found a gate to the Vaults.
 23574 | D:14     | Cast into level 2 of the Abyss (a wizard)
 23574 | Abyss:2  | Found a corrupted altar of Lugonu.
 23596 | Abyss:2  | Paralysed by accursed screaming for 1 turns
 23597 | Abyss:2  | Noticed a bone dragon
 23610 | Abyss:2  | Paralysed by accursed screaming for 1 turns
 23616 | Abyss:2  | Paralysed by accursed screaming for 1 turns
 23620 | Abyss:2  | HP: 7/214 [starcursed mass/accursed screaming (10)]
 23622 | Abyss:2  | Killed a bone dragon
 23622 | Abyss:2  | HP: 2/214 [starcursed mass/accursed screaming (6)]
 23623 | Abyss:2  | Killed from afar by a starcursed mass

Skill      XL: |  1  2  3  4  5  6  7  8  9 10 11 12 13 14 15 |
---------------+----------------------------------------------+-----
Armour         | 4 5 7 10 11 | 11.2
Fighting       | 4 8 14 15 | 15.7
Shields        | 4 7 9 |  9.0
Long Blades    | 3 4 5 6 7 9 12 14 | 14.1
Dodging        | 1 2 4 9 11 | 11.5
Invocations    | 5 9 11 | 11.6
Evocations     | 4 8 10 | 10.8

Action                   |  1- 3 |  4- 6 |  7- 9 | 10-12 | 13-15 || total
-------------------------+-------+-------+-------+-------+-------++-------
Melee: Long sword        |    86 |   116 |   293 |   348 |       ||   843
       Headbutt          |    11 |    24 |    66 |   200 |   265 ||   566
       Scimitar          |       |       |       |   163 |   758 ||   921
Invok: Slouch            |       |       |       |       |     8 ||     8
Evoke: Wand              |       |       |       |     6 |     8 ||    14
       Lamp of fire      |       |       |       |       |     1 ||     1
  Use: Potion            |       |     2 |     2 |     5 |     8 ||    17
       Scroll            |       |     1 |     7 |    24 |    18 ||    50
 Stab: Invisible         |       |       |       |     1 |       ||     1
       Sleeping          |       |       |       |       |     1 ||     1
  Eat: Chunk             |     9 |    13 |     9 |     4 |    22 ||    57
Armor: Scale mail        |    62 |    40 |    68 |       |    90 ||   260
       Chain mail        |       |       |    53 |   109 |    26 ||   188
       Skin              |       |       |       |    45 |     5 ||    50
       Plate armour      |       |       |       |       |    53 ||    53
Dodge: Dodged            |    28 |    37 |   108 |   208 |   430 ||   811
Block: Shield            |    39 |    54 |   166 |   321 |   706 ||  1286
       Rpst.: Long sword |     6 |     7 |    37 |    26 |       ||    76
       Scimitar          |       |       |       |    18 |    94 ||   112
